 Dungeon Crawl Stone Soup version 0.21-a0-348-ga060c75 (webtiles) character file.

49 IWILLDERPYOU the Sneak (level 3, 0/36 HPs)
             Began as an Octopode Assassin on Oct 6, 2017.
             Slain by a ball python (1 damage)
             ... on level 2 of the Dungeon.
             The game lasted 00:10:55 (1204 turns).

IWILLDERPYOU the Sneak (Octopode Assassin)          Turns: 1204, Time: 00:10:55

Health: 0/36       AC:  1    Str: 16    XL:     3   Next: 75%
Magic:  3/3        EV: 13    Int: 13    God:
Gold:   37         SH:  0    Dex: 13    Spells: 2/2 levels left

rFire    . . .     SeeInvis .   y - -3 mace (curse)
rCold    . . .     Gourm    +   (no shield)
rNeg     . . .     Faith    .   (helmet restricted)
rPois    .         Spirit   .   l - amulet of the gourmand
rElec    .         Reflect  .   (no ring)
rCorr    .         Harm     .   (no ring)
MR       .....                  (no ring)
Stlth    ..........             (no ring)
HPRegen  0.12/turn              (no ring)
MPRegen  0.08/turn              (no ring)
                                (no ring)
                                (no ring)

@: berserking, lethally poisoned (0 -> -2), very quick
A: almost no armour, stealthy swim, amphibious, 8 rings, constrict 8, camouflage
1, gelatinous body 1
a: no special abilities


You were on level 2 of the Dungeon.
You were hungry.

You visited 1 branch of the dungeon, and saw 2 of its levels.

You collected 37 gold pieces.

Inventory:

Hand Weapons
 a - a +2 dagger
 b - a +0 blowgun
 e - a +0 club
 g - a cursed -2 club
 h - a +0 whip
 j - a +0 club
 n - a +0 spear
 p - a +1 whip of draining
 q - a +0 hunting sling
 r - a +0 club
 t - a +0 club
 w - a +1 short sword of electrocution
 x - a +0 short sword
 y - a cursed -3 mace (weapon)
Missiles
 c - 8 poisoned needles
 d - 2 curare-tipped needles
 i - 42 stones (quivered)
 m - 27 arrows
Armour
 k - a +0 pair of boots {llolololo}
 s - a +0 scale mail
 z - a +0 ring mail
 A - a +0 ring mail
Jewellery
 l - an amulet of the gourmand (around mantle)
Scrolls
 v - a scroll of amnesia
Potions
 o - a potion of heal wounds {unknown}
 u - a potion of curing
Comestibles
 f - 3 bread rations


   Skills:
 + Level 2.2 Fighting
 + Level 2.1 Short Blades
 + Level 0.8 Maces & Flails
 + Level 2.4 Throwing
 + Level 1.3 Dodging
 + Level 6.3 Stealth


You had 2 spell levels left.
You didn't know any spells.

Dungeon Overview and Level Annotations

Branches:
Dungeon (2/15)

Altars:


Innate Abilities, Weirdness & Mutations

You cannot wear most types of armour.
You are very stealthy in the water. (Stealth+)
You are amphibious.
You can wear up to eight rings at the same time.
You can use your tentacles to constrict eight enemies at once.
Your skin changes colour to match your surroundings (Stealth+).
Your rubbery body absorbs attacks. (AC +1, EV +1)


Message History

You are poisoned.
The adder poisons you! The ball python misses you.
The ball python barely misses you.
You thump the adder!
You kill the adder!
Your life force feels restored.
* * * LOW HITPOINT WARNING * * *
You feel sick. The ball python bites you.
* * * LOW HITPOINT WARNING * * *
The ball python closely misses you. The giant cockroach closely misses you.
You are too berserk!
You closely miss the ball python. Your grab misses the ball python.
The ball python misses you. The ball python barely misses you.
The giant cockroach closely misses you.
You hit the dart slug. Your grab misses the dart slug.
You squeeze the dart slug.
The dart slug is heavily wounded.
* * * LOW HITPOINT WARNING * * *
You feel sick. The ball python bites you.
You die...

......... ....# #..............#
.........##.....##.>............#
...##......................######
.<.............###.......#.#
....#####................#..#
....# .......##.......##..# .#..#
.##.....##......# #.# ##.##
......s.......#.###.. .#
#.##..@†..#......... .#
#....S.w..######...# .#
###........# .. ....##......#
#### #.#....# #.###...# ### .....
.....


You could see a dart slug, a giant cockroach and a ball python.

Vanquished Creatures
  2 adders (D:2)
  A leopard gecko (D:1)
  2 bats
  3 giant cockroaches (D:1)
  7 hobgoblins
  3 kobolds
  A ball python (D:1)
  3 frilled lizards (D:1)
  3 goblins
  2 rats (D:1)
27 creatures vanquished.

Notes
Turn   | Place    | Note
-------+----------+-------------------------------------------
     0 | D:1      | IWILLDERPYOU the Octopode Assassin began the quest for the Orb.
     0 | D:1      | Reached XP level 1. HP: 14/14 MP: 1/1
    92 | D:1      | Reached XP level 2. HP: 3/19 MP: 2/2
   359 | D:1      | Reached skill level 6 in Stealth
   482 | D:1      | Reached XP level 3. HP: 19/24 MP: 3/3
  1204 | D:2      | HP: 1/36 [poisoned by an adder]
  1204 | D:2      | Slain by a ball python

Vault maps used:
D:1:      saegor_arrival_simple_f, hangedman_abyss_or_decor_stabs
D:2:      first_bread

Skill      XL: |  1  2 |
---------------+-------+-----
Stealth        | 6 |  6.3
Fighting       | |  2.2
Short Blades   | |  2.1
Maces & Flails | |  0.8
Throwing       | |  2.4
Dodging        | |  1.3

Action                   || total
-------------------------++-------
Melee: Club              ||    12
       Constrict         ||    15
       Tentacles         ||     8
       Dagger            ||     2
       Whip              ||    22
       Spear             ||     4
       Mace              ||    16
  Use: Scroll            ||     4
       Potion            ||     2
 Stab: Sleeping          ||     5
Armor: Skin              ||    17
Dodge: Dodged            ||    62

Table legend:
 A = Spawn XP
 B = Non-spawn XP
 C = Spawn XP percentage of total XP
 D = Spawn monster count
 E = Non-spawn monster count
 F = Spawn count percentage of total count
 G = Total turns spent on level
                    A         B        C        D         E        F      G
               +---------+---------+-------+---------+---------+-------+---------
         Total |       0 |      70 |   0.0 |       0 |      27 |   0.0 |  1204
               +---------+---------+-------+---------+---------+-------+---------
           D:1 |       0 |      34 |   0.0 |       0 |      20 |   0.0 |   905
           D:2 |       0 |      36 |   0.0 |       0 |       7 |   0.0 |   299
               +---------+---------+-------+---------+---------+-------+---------
